 Dungeon Crawl Stone Soup version 0.18.1-48-g4cf74bf (webtiles) character file.

960 santipi the Covert (level 7, -4/35 HPs)
             Began as a Spriggan Assassin on June 28, 2016.
             Slain by dvd's ghost (6 damage)
             ... on level 6 of the Dungeon.
             The game lasted 00:24:37 (5102 turns).

santipi the Covert (Spriggan Assassin)              Turns: 5102, Time: 00:24:38

Health: -4/35      AC:  6    Str: 13    XL:     7   Next: 92%
Magic:  9/9        EV: 21    Int: 12    God:
Gold:   180        SH:  2    Dex: 19    Spells: 0 memorised, 6 levels left

rFire  + . .     SeeInvis +     a - +2 dagger
rCold  . . .     Gourm    .     c - +0 robe
rNeg   . . .     Faith    .     (shield restricted)
rPois  .         Spirit   .     (helmet restricted)
rElec  .         Dismiss  .     d - +2 cloak
rCorr  .         Reflect  +     (gloves unavailable)
SustAt .         Harm     .     (boots unavailable)
MR     +....                    h - +2 amulet of reflection
Stlth  ++++++....               j - ring of protection from fire
                                k - +1 ring of protection

@: mighty, very quick, somewhat resistant to hostile enchantments, very stealthy
A: unfitting armour, horns 1, see invisible, herbivore 3, speed 3, sense
surroundings 1, slow metabolism 2
a: no special abilities


You were on level 6 of the Dungeon.
You were not hungry.

You visited 1 branch of the dungeon, and saw 6 of its levels.

You collected 180 gold pieces.

Inventory:

Hand Weapons
 a - a +2 dagger (weapon)
 b - a +0 blowgun
Missiles
 e - 18 poisoned needles
 f - 2 curare-tipped needles
Armour
 c - a +0 robe (worn)
 d - a +2 cloak (worn)
 o - a +0 ring mail
Jewellery
 h - a +2 amulet of reflection (around neck)
 i - an uncursed ring of sustain attributes
 j - a ring of protection from fire (right hand)
 k - a +1 ring of protection (left hand)
Wands
 l - a wand of flame (16/48)
 v - a wand of acid (0/15)
Scrolls
 n - 4 scrolls of remove curse
 t - 2 scrolls of identify
Potions
 p - a potion of magic
 q - a potion of resistance {unknown}
Comestibles
 g - 6 bread rations


   Skills:
 + Level 2.0 Fighting
 + Level 3.1 Short Blades
 + Level 2.0 Throwing
 + Level 5.0 Dodging
 + Level 12.9 Stealth
 + Level 1.8 Evocations


You had 6 spell levels left.
You didn't know any spells.

Dungeon Overview and Level Annotations

Branches:
Dungeon (6/15)
 Temple: D:4-7

Altars:
Dithmenos
Nemelex Xobeh
Okawaru
Qazlal
Ru
Trog
Vehumet
Xom
Yredelemnul
Zin
The Shining One

Shops:
D:6 [

Annotations:
D:6 dvd's ghost, amateur GrEE


Innate Abilities, Weirdness & Mutations

You are tiny and cannot use many weapons and most armour.
You have supernaturally acute eyesight.
You are a herbivore.
You cover ground extremely quickly.
You need consume almost no food.
You have a pair of small horns on your head.
You passively map a small area around you.


Message History

Dvd's ghost hits you.
* * * LOW HITPOINT WARNING * * *
You hit dvd's ghost but do no damage.
Dvd's ghost is almost destroyed.
Dvd's ghost hits you but does no damage.
You completely miss dvd's ghost. Your headbutt misses dvd's ghost.
Dvd's ghost is almost destroyed.
You hit dvd's ghost but do no damage.
Dvd's ghost is almost destroyed.
Dvd's ghost says very slowly, "There's no hope."
Dvd's ghost hits you.
* * * LOW HITPOINT WARNING * * *
You hit dvd's ghost but do no damage. You headbutt dvd's ghost.
Dvd's ghost is almost destroyed.
Dvd's ghost misses you.
Drink which item? (? for menu, Esc to quit)
It was a potion of might.
You feel very mighty all of a sudden. Dvd's ghost hits you.
You die...

#.###.##.###.##.....##.##.#.#
##........##...##...###......#
...........'....##.##+.......#
#####...#.##.........####....#
##.##.###.......## ##.#.#
####.# ##.....## ###.# #.#
##.†.## #.## #.# ##W## #..#
######.# ##@###### ##.#
#......### #.......# #.#
#.##.....# #..####.# #.#
#.##.###.###.......# #.#
#.##.##.........#..#######.#
#.##.##..###...........>...#
#........# #..###..#########
####.....# #<......# #######
#..####.#


You could see dvd's ghost.

Vanquished Creatures
  A black bear (D:6)
  A sky beast (D:5)
  A phantom (D:5)
  An ogre (D:5)
  A centaur (D:6)
  A giant frog (D:6)
  A crimson imp (D:5)
  5 hounds (D:6)
  A jelly (D:5)
  A centaur skeleton (D:5)
  Terence (D:2)
  A killer bee zombie (D:5)
  A hound skeleton (D:5)
  4 adders
  3 shadow imps (D:6)
  2 oozes
  2 worms
  A dart slug (D:4)
  2 giant geckos
  14 orcs
  A giant cockroach (D:2)
  11 hobgoblins
  6 jackals
  2 quokkas
  3 ball pythons
  9 bats
  A giant newt (D:4)
  5 goblins
  A jackal skeleton (D:6)
  2 kobolds (D:3)
  2 quokka skeletons
  9 rats
97 creatures vanquished.

Notes
Turn   | Place    | Note
--------------------------------------------------------------
     0 | D:1      | santipi the Spriggan Assassin began the quest for the Orb.
     0 | D:1      | Reached XP level 1. HP: 10/10 MP: 2/2
    37 | D:1      | Reached skill level 6 in Stealth
   266 | D:1      | Reached XP level 2. HP: 14/14 MP: 3/3
   532 | D:1      | Reached skill level 7 in Stealth
   769 | D:2      | Reached XP level 3. HP: 10/18 MP: 4/4
   958 | D:2      | Reached skill level 8 in Stealth
   999 | D:2      | Noticed Terence
  1099 | D:2      | Reached XP level 4. HP: 11/22 MP: 5/5
  1533 | D:2      | Killed Terence
  1533 | D:2      | Reached skill level 9 in Stealth
  1635 | D:2      | Gained mutation: You passively map a small area around you. [potion of mutation]
  1635 | D:2      | Gained mutation: You have a pair of small horns on your head. [potion of mutation]
  2798 | D:4      | Found a basalt altar of Yredelemnul.
  3185 | D:4      | Reached XP level 5. HP: 25/25 MP: 6/6
  3288 | D:4      | Found an iron altar of Okawaru.
  3288 | D:4      | Found a radiant altar of Vehumet.
  3288 | D:4      | Found a sparkling altar of Nemelex Xobeh.
  3289 | D:4      | Found a bloodstained altar of Trog.
  3308 | D:4      | Found a shadowy altar of Dithmenos.
  3457 | D:5      | Entered Level 5 of the Dungeon
  3468 | D:5      | Reached skill level 10 in Stealth
  3515 | D:5      | Noticed an angel
  3515 | D:5      | Found a shimmering altar of Xom.
  3523 | D:5      | Found a glowing silver altar of Zin.
  3554 | D:5      | Noticed a phantom
  3636 | D:5      | Killed a phantom
  3636 | D:5      | Reached skill level 11 in Stealth
  3636 | D:5      | Reached XP level 6. HP: 30/30 MP: 7/7
  3710 | D:5      | Found a sacrificial altar of Ru.
  3712 | D:5      | Noticed a sky beast
  3740 | D:5      | Killed a sky beast
  3768 | D:5      | Reached skill level 1 in Evocations
  3863 | D:5      | Reached skill level 12 in Stealth
  3863 | D:5      | Reached XP level 7. HP: 17/34 MP: 8/8
  3864 | D:5      | Found a stormy altar of Qazlal.
  4064 | D:6      | Found Kanun's Armour Boutique.
  4069 | D:6      | Found a sand-covered staircase.
  4074 | D:6      | Noticed dvd's ghost (amateur GrEE)
  4412 | D:6      | Found a glowing golden altar of the Shining One.
  5073 | D:6      | Reached skill level 5 in Dodging
  5100 | D:6      | HP: 1/35 [dvd's ghost (6)]
  5102 | D:6      | Slain by dvd's ghost

Skill      XL: |  1  2  3  4  5  6  7 |
---------------+----------------------+-----
Stealth        | 6 7 8 9 11 12 | 12.9
Dodging        | 2 5 |  5.0
Evocations     | 1 |  1.8
Fighting       | 2 |  2.0
Short Blades   | 3 |  3.1
Throwing       | |  2.0

Action                   |  1- 3 |  4- 6 |  7- 9 || total
-------------------------+-------+-------+-------++-------
Melee: Dagger            |   118 |   197 |   149 ||   464
       Headbutt          |       |    33 |    28 ||    61
Evoke: Wand              |       |     6 |     5 ||    11
  Use: Scroll            |     2 |     7 |     5 ||    14
       Potion            |       |     3 |     4 ||     7
 Stab: Sleeping          |    10 |    13 |     6 ||    29
       Distracted        |       |     1 |     1 ||     2
  Eat: Pizza             |       |     1 |       ||     1
       Fruit             |       |       |     1 ||     1
Armor: Robe              |    14 |    10 |    25 ||    49
Dodge: Dodged            |    89 |   112 |   100 ||   301
Block: Other             |       |     6 |     8 ||    14
